 Dungeon Crawl Stone Soup version 0.12.2-7-g64ef654 (webtiles) character file.

941 kopiNeko the Thaumaturge (level 7, -5/32 HPs)
             Began as a Spriggan Enchanter on June 19, 2013.
             Slain by a slave (8 damage)
             ... led by Pikel
             ... on Level 4 of the Dungeon.
             The game lasted 00:55:35 (7103 turns).

kopiNeko the Thaumaturge (Spriggan Enchanter)       Turns: 7103, Time: 00:55:35

HP  -5/32        AC  4     Str  4      XL: 7   Next: 55%
MP  14/25        EV 18     Int 19      God:
Gold 160         SH  0     Dex 16      Spells:  2 memorised, 21 levels left

Res.Fire  : . . .   See Invis. : +   i - +2 dagger (pain)
Res.Cold  : . . .   Warding    : .   b - +2 robe
Life Prot.: . . .   Conserve   : .   (shield restricted)
Res.Poison: .       Res.Corr.  : .   (helmet restricted)
Res.Elec. : .       Clarity    : .   (no cloak)
Sust.Abil.: . .     Spirit.Shd : .   (gloves unavailable)
Res.Mut.  : .       Stasis     : .   (boots unavailable)
Res.Rott. : .       Ctrl.Telep.: .   (no amulet)
Saprovore : . . .   Flight     : .   (no ring)
                                     (no ring)

@: very slightly contaminated, very quick, somewhat resistant to hostile
enchantments, stealthy
A: unfitting armour, see invisible, herbivore 3, speed 3, slow metabolism 2
a: no special abilities


You were on level 4 of the Dungeon.
You were not hungry.

You visited 1 branch of the dungeon, and saw 4 of its levels.

You collected 140 gold pieces.

Inventory:

Hand weapons
 a - a cursed +1,+1 dagger {=f}
 f - a cursed -2,+1 orcish dagger
 i - a +2,+2 dagger of pain (weapon)
Missiles
 d - 23 darts (quivered)
Armour
 b - a +2 robe (worn)
 t - a cursed +0 ring mail
Comestibles
 n - 2 bread rations
Scrolls
 g - 3 scrolls of identify
 j - a scroll of remove curse {unknown}
 k - 2 scrolls of enchant armour
 l - a scroll of blinking
Jewellery
 s - a cursed -2 ring of strength
Potions
 e - 2 potions of porridge
 h - a potion of might {unknown}
 m - a potion of magic {unknown}
 p - 3 potions of speed
Books
 c - a book of Maledictions

   Spells                             Type                      Level
   *Corona                            Hexes                        1
   Sure Blade                         Hexes/Charms                 2
   Ensorcelled Hibernation            Hexes/Ice                    2
   *Confuse                           Hexes                        3
   Enslavement                        Hexes                        4
   Invisibility                       Hexes                        6


   Skills:
 + Level 1.5 Short Blades
 - Level 1.1 Throwing
 + Level 3.2 Dodging
 + Level 3.2 Stealth
 + Level 2.0 Stabbing
 * Level 9.7 Spellcasting
 + Level 3.7 Hexes


You had 21 spell levels left.
You knew the following spells:

 Your Spells              Type           Power        Failure   Level  Hunger
a - Corona                Hex            ####....     1%          1    None
b - Confuse               Hex            ####.....    6%          3    None


Dungeon Overview and Level Annotations

Branches:
Dungeon (4/27)
 Temple: D:4-7

Altars:
Okawaru
Xom

Annotations
D:4 Pikel


Innate Abilities, Weirdness & Mutations

You are tiny and cannot use many weapons and most armour.
You have supernaturally acute eyesight.
You are a herbivore.
You cover ground extremely quickly.
You need consume almost no food.


Message History

The slave barely misses you.
You strike the helpless Pikel from behind!
You slash Pikel!
Pikel writhes in agony.
Pikel is heavily wounded.
Pikel hits the slave with a whip of flaming.
Pikel burns the slave.
The slave closely misses you. The slave closely misses you.
The slave misses you.
You hit Pikel but do no damage.
Pikel is heavily wounded.
The slave hits you. The slave closely misses you. The slave hits you!
* * * LOW HITPOINT WARNING * * *
The slave hits you.
* * * LOW HITPOINT WARNING * * *
The adder misses you.
Pikel seems less confused.
Pikel hits you with a whip of flaming.
* * * LOW HITPOINT WARNING * * *
Pikel burns you.
* * * LOW HITPOINT WARNING * * *
The slave hits you!
You die...

######### #######.......#
####...........#.##########
.....#.#.#.#.#..K..S........
................@@@@.....$..
....#.#.#.#.#.#..@..........
............................
...........................
...........................
...........................
..........................
..........................
.........................


You could see Pikel, 4 slaves and an adder.

Vanquished Creatures
  Grinder (D:4)
  Menkaure (D:4)
  An ogre (D:4)
  4 orc priests
  An iguana (D:4)
  An orc wizard (D:3)
  Ijyb (D:2)
  Terence (D:2)
  7 adders
  An iguana skeleton (D:4)
  A giant mite (D:1)
  A worm (D:3)
  2 oozes (D:2)
  7 orcs (D:3)
  8 bats
  9 hobgoblins
  7 jackals
  2 quokkas
  4 giant cockroaches
  3 giant geckos
  3 giant newts
  13 goblins
  7 kobolds
  14 rats
100 creatures vanquished.

Notes
Turn   | Place    | Note
--------------------------------------------------------------
     0 | D:1      | kopiNeko, the Spriggan Enchanter, began the quest for the Orb.
     0 | D:1      | Reached XP level 1. HP: 9/9 MP: 4/4
   242 | D:1      | Reached XP level 2. HP: 5/13 MP: 7/7
  1402 | D:1      | Reached XP level 3. HP: 16/16 MP: 10/10
  1599 | D:1      | Reached skill level 4 in Spellcasting
  2622 | D:2      | Found an iron altar of Okawaru.
  2710 | D:2      | Noticed Terence
  3004 | D:3      | Reached XP level 4. HP: 7/21 MP: 14/14
  3437 | D:3      | Reached skill level 5 in Spellcasting
  3528 | D:3      | Learned a level 3 spell: Confuse
  4016 | D:3      | Reached skill level 6 in Spellcasting
  4016 | D:3      | Reached XP level 5. HP: 20/24 MP: 3/18
  4366 | D:2      | Killed Terence
  4631 | D:2      | Noticed Ijyb
  4645 | D:2      | Killed Ijyb
  4899 | D:4      | Noticed Menkaure
  5172 | D:3      | Reached skill level 7 in Spellcasting
  5445 | D:4      | Killed Menkaure
  5445 | D:4      | Reached XP level 6. HP: 28/28 MP: 18/22
  5488 | D:4      | Reached skill level 8 in Spellcasting
  5896 | D:4      | Noticed Grinder
  5915 | D:4      | Paralysed by Grinder for 2 turns
  6107 | D:4      | Paralysed by Grinder for 4 turns
  6144 | D:4      | Paralysed by Grinder for 3 turns
  6156 | D:4      | Killed Grinder
  6156 | D:4      | Reached skill level 9 in Spellcasting
  6156 | D:4      | Reached XP level 7. HP: 8/32 MP: 2/25
  6453 | D:4      | Noticed an ogre
  6455 | D:4      | Found a shimmering altar of Xom.
  6769 | D:4      | Killed an ogre
  7070 | D:4      | Noticed a slave
  7073 | D:4      | Noticed Pikel
  7074 | D:4      | Noticed a slave
  7074 | D:4      | Noticed a slave
  7075 | D:4      | Noticed a slave
  7103 | D:4      | Slain by a slave

Action                   |  1- 3 |  4- 6 |  7- 9 || total
-------------------------+-------+-------+-------++-------
Melee: Dagger            |   154 |   315 |    62 ||   531
Throw: Dart              |    18 |     6 |       ||    24
 Cast: Confuse           |       |    42 |    16 ||    58
  Use: Scroll            |     1 |     9 |       ||    10
       Potion            |       |     2 |       ||     2
 Stab: Sleeping          |     8 |     4 |       ||    12
       Confused          |       |    20 |     4 ||    24
